 Dungeon Sprint DCSS version 0.22.1-1-ga44c0e56f4 (webtiles) character file.

11379 MuseOD the Unseen (level 11, -10/64 HPs)
             Began as a Spriggan Enchanter on Oct 2, 2018.
             Was the Champion of Dithmenos.
             Hit by a large rock thrown by Polyphemus (37 damage)
             ... in the Dungeon (Sprint III: "The Ten Rune Challenge").
             The game lasted 00:06:02 (1940 turns).

MuseOD the Unseen (Spriggan Enchanter)              Turns: 1940, Time: 00:06:02

Health: -10/64     AC:  2    Str:  4    XL:     11   Next: 48%
Magic:  20/29      EV: 18    Int: 20    God:    Dithmenos [******]
Gold:   26         SH:  0    Dex: 17    Spells: 27/36 levels left

rFire    . . .     SeeInvis +   q - +0 dagger (speed)
rCold    . . .     Gourm    .   (shield restricted)
rNeg     . . .     Faith    .   b - +0 robe
rPois    .         Spirit   .   (helmet restricted)
rElec    .         Reflect  .   (no cloak)
rCorr    .         Harm     .   (gloves unavailable)
MR       +....     NoTele   +   (boots unavailable)
Stlth    ++++++++++             (no amulet)
HPRegen  0.20/turn              (no ring)
MPRegen  0.21/turn              (no ring)

@: wreathed by umbra, very quick
A: very small, unfitting armour, see invisible, herbivore, speed 3, slow
metabolism 2, wild magic 1, MP-powered wands
a: Shadow Step, Shadow Form, Renounce Religion


You were in the Dungeon.
You worshipped Dithmenos.
Dithmenos was exalted by your worship.
You were not hungry.

You visited 1 branch You collected 26 gold pieces.

Inventory:

Hand Weapons
 a - a +1 dagger
 q - a +0 dagger of speed (weapon)
Armour
 b - a +0 robe (worn)
Wands
 n - a wand of polymorph (11)
Scrolls
 c - 4 scrolls of identify {unknown}
 j - a scroll of blinking
 k - a scroll of holy word {unknown}
 l - 2 scrolls of remove curse {unknown}
 o - a scroll of torment {unknown}
Potions
 e - 3 potions of curing
 f - a potion of heal wounds
 g - a potion of haste
 h - a potion of magic
 i - a potion of berserk rage
 m - 2 potions of flight
 p - a potion of lignification {unknown}
 r - a potion of agility {unknown}
Comestibles
 d - 4 rations


   Skills:
 + Level 10.3 Fighting
 * Level 17.7 Short Blades
 - Level 3.0 Dodging
 + Level 18.1 Stealth
 + Level 13.3 Spellcasting
 + Level 13.5 Hexes


You had 27 spell levels left.
You knew the following spells:

 Your Spells              Type           Power        Failure   Level  Hunger
a - Corona                Hex            ######.      1%          1    None
b - Ensorcelled Hibernat  Hex/Ice        ######       1%          2    None
c - Confuse               Hex            ######..     1%          3    None
d - Dazzling Spray        Conj/Hex       ######       1%          3    None

Your spell library contained the following spells:

 Spells                   Type           Power        Failure   Level  Hunger
 Confusing Touch          Hex            ######       1%          1    None
 Tukima's Dance           Hex            ######..     1%          3    None
 Metabolic Englaciation   Hex/Ice        ######....   13%         5    ####...
 Yara's Violent Unravell  Hex/Tmut       ######....   13%         5    ####...
 Gell's Gravitas          Tloc           ###.......   22%         3    None
 Petrify                  Tmut/Erth      ###.....     54%         4    None


Dungeon Overview and Level Annotations

Branches:
Dungeon (1/1)

Altars:
Dithmenos
Elyvilon
Kikubaaqudgha
Okawaru
Ru
Sif Muna
Trog
Uskayaw
Vehumet
Wu Jian
Yredelemnul
Zin
The Shining One
Beogh

Annotations:
D exclusion: orange crystal statue, Polyphemus


Innate Abilities, Weirdness & Mutations

You are very small and have problems with some larger weapons.
You are too small for most types of armour.
You have supernaturally acute eyesight. (SInv)
You are a herbivore.
You cover ground extremely quickly.
You need to consume almost no food.
Your spells are a little harder to cast, but a little more powerful.
You expend magic power (3 MP) to strengthen your wands.


Message History

The spray of energy hits Polyphemus.
Polyphemus is lightly wounded.
The spray of energy hits the dream sheep.
The dream sheep is severely wounded.
The dream sheep is dazzled.
The spray of energy hits the dream sheep.
The dream sheep is severely wounded.
The dream sheep is dazzled.
Polyphemus throws a large rock.
The large rock hits you!!!
Ouch! That really hurt!
You emit a cloud of dark smoke.
Casting: Dazzling Spray (safe; 1% risk of failure)
Confirm with . or Enter, or press ? or * to list all spells.
Aiming: Confuse (safe; 1% risk of failure)
Press: ? - help, Shift-Dir - straight line, f/p - Polyphemus
Aim: Polyphemus (lightly wounded, umbra, chance to defeat MR: 49%) Polyphemus resists with some effort.
Polyphemus throws a large rock.
The large rock hits you!!!
Ouch! That really hurt!
You die...

###'♣♣♣♣♣♣♣♣♣♣♣♣♣♣♣ #...
♣♣♣♣†##..##≈≈≈≈≈≈..# #...
♣...##.##.#≈≈≈≈≈...# #)..
♣♣.##.##.##'≈≈≈≈≈####+####
♣..#.##...#≈≈....÷§§§#.PP
♣♣.##.##.)#≈..+#######..P
♣♣.##†#####...# #...
♣.....##§§....# #.))
########@###### #+##
▓§§≈≈≈≈≈≈ #... ▓≈≈≈≈≈≈≈≈
#.## ▓≈≈≈CY≈≈≈ #.#
▓≈≈....≈≈ #.# ▓≈≈≈Y.≈≈≈
#.# ▓≈≈≈≈≈≈≈≈ #.#
▓≈≈≈≈≈≈≈≈ #.# #.#+


You could see Polyphemus and 2 dream sheep.

Vanquished Creatures
  Dowan (D)
  Erolcha (D)
  2 yaktaur captains (D)
  Urug (D)
  A death drake (D)
  A lindwurm (D)
  A deep elf mage (D)
  A crystal guardian (D)
  Duvessa (D)
  2 spiny frogs (D)
  A komodo dragon (D)
  A yaktaur (D)
  2 tyrant leeches (D)
  3 wandering mushrooms (D)
  3 orc high priests (D)
  A dream sheep (D)
  5 redbacks (D)
  A shadow (D)
  A necrophage (D)
  5 two-headed ogres (D)
  A water elemental (D)
  A scorpion (D)
  An electric eel (D)
  A jelly (D)
  An orc priest (D)
  A wizard (D)
  Jessica (D)
  A necromancer (D)
  3 humans (D)
  A kobold demonologist (D)
  2 oozes (D)
  A rat (D)
  A ballistomycete spore (D)
51 creatures vanquished.

Vanquished Creatures (others)
  2 draconian scorchers (D)
  2 hydras (D)
  A skeletal warrior (D)
  6 hellions (D)
  A yaktaur (D)
  A hornet (D)
  4 ball lightnings (D)
  A ballistomycete (D)
  3 ballistomycete spores (D)
  9 plants (D)
30 creatures vanquished.

Grand Total: 81 creatures vanquished

Notes
Turn   | Place    | Note
-------+----------+-------------------------------------------
     0 | D        | MuseOD the Spriggan Enchanter began the quest for the Orb.
     0 | D        | Reached XP level 1. HP: 9/9 MP: 5/5
     9 | D        | Reached skill level 1 in Fighting
     9 | D        | Reached skill level 5 in Stealth
    11 | D        | Reached XP level 2. HP: 14/14 MP: 6/6
    15 | D        | Learned a level 2 spell: Ensorcelled Hibernation
    49 | D        | Noticed Jessica
    53 | D        | Killed Jessica
    53 | D        | Reached skill level 6 in Stealth
    53 | D        | Reached XP level 3. HP: 19/19 MP: 8/8
    65 | D        | Noticed a scorpion
    68 | D        | Killed a scorpion
    68 | D        | Reached skill level 7 in Stealth
    68 | D        | Reached XP level 4. HP: 24/24 MP: 9/9
    78 | D        | Reached skill level 8 in Stealth
    91 | D        | Gained mutation: You are agile. (Dex +2) [potion of
                  | mutation]
    91 | D        | Gained mutation: You have sharp toenails. [potion of
                  | mutation]
    91 | D        | Gained mutation: You have a pair of small horns on your
                  | head. [potion of mutation]
    92 | D        | Lost mutation: You are agile. (Dex +2) [potion of mutation]
    92 | D        | Lost mutation: You have a pair of small horns on your head.
                  | [potion of mutation]
    92 | D        | Lost mutation: You have sharp toenails. [potion of
                  | mutation]
    92 | D        | Gained mutation: You do not regenerate when monsters are
                  | visible. [potion of mutation]
    92 | D        | Gained mutation: You are partially covered in yellow
                  | scales. (AC +2) [potion of mutation]
    93 | D        | Lost mutation: You are partially covered in yellow scales.
                  | (AC +2) [potion of mutation]
    93 | D        | Lost mutation: You do not regenerate when monsters are
                  | visible. [potion of mutation]
    93 | D        | Gained mutation: You have a somewhat thin skeletal
                  | structure. (Dex +2, Stealth) [potion of mutation]
    93 | D        | Gained mutation: Your spells are a little harder to cast,
                  | but a little more powerful. [potion of mutation]
    93 | D        | Lost mutation: Your spells are a little harder to cast, but
                  | a little more powerful. [potion of mutation]
    93 | D        | Gained mutation: You have a pair of small horns on your
                  | head. [potion of mutation]
    94 | D        | Lost mutation: You have a pair of small horns on your head.
                  | [potion of mutation]
    94 | D        | Lost mutation: You have a somewhat thin skeletal structure.
                  | (Dex +2, Stealth) [potion of mutation]
    94 | D        | Gained mutation: Armour fits poorly on your strangely
                  | shaped body. [potion of mutation]
    94 | D        | Gained mutation: You are resistant to hostile enchantments.
                  | (MR+) [potion of mutation]
    95 | D        | Lost mutation: Armour fits poorly on your strangely shaped
                  | body. [potion of mutation]
    95 | D        | Lost mutation: You are resistant to hostile enchantments.
                  | (MR+) [potion of mutation]
    95 | D        | Gained mutation: You tend to lose your temper in combat.
                  | [potion of mutation]
    95 | D        | Gained mutation: You occasionally shout uncontrollably at
                  | your foes. [potion of mutation]
    95 | D        | Gained mutation: Your spells are a little harder to cast,
                  | but a little more powerful. [potion of mutation]
    96 | D        | Lost mutation: You tend to lose your temper in combat.
                  | [potion of mutation]
    96 | D        | Lost mutation: You occasionally shout uncontrollably at
                  | your foes. [potion of mutation]
    96 | D        | Gained mutation: You expend magic power (3 MP) to
                  | strengthen your wands. [potion of mutation]
    98 | D        | Killed a hellion
   120 | D        | Killed a hellion
   120 | D        | Killed a hellion
   120 | D        | Killed a hellion
   120 | D        | Killed a hellion
   121 | D        | Killed a hellion
   136 | D        | Killed a yaktaur
   157 | D        | Learned a level 3 spell: Confuse
   159 | D        | Noticed a water elemental
   161 | D        | Killed a water elemental
   161 | D        | Reached skill level 9 in Stealth
   161 | D        | Reached XP level 5. HP: 29/29 MP: 10/10
   172 | D        | Learned a level 3 spell: Dazzling Spray
   174 | D        | Found a basalt altar of Yredelemnul.
   174 | D        | Found a shadowy altar of Dithmenos.
   174 | D        | Found a sacrificial altar of Ru.
   174 | D        | Noticed a necrophage
   177 | D        | Killed a necrophage
   177 | D        | Reached skill level 10 in Stealth
   177 | D        | Reached XP level 6. HP: 34/34 MP: 10/13
   181 | D        | Became a worshipper of Dithmenos the Shadowed
   207 | D        | Found a glowing silver altar of Zin.
   207 | D        | Found a glowing golden altar of the Shining One.
   207 | D        | Found a white marble altar of Elyvilon.
   207 | D        | Noticed a deep elf mage
   210 | D        | Killed a deep elf mage
   210 | D        | Reached skill level 5 in Fighting
   210 | D        | Reached skill level 11 in Stealth
   210 | D        | Reached XP level 7. HP: 39/39 MP: 13/17
   241 | D        | Found a hide-covered altar of Uskayaw.
   241 | D        | Found a roughly hewn altar of Beogh.
   241 | D        | Found an iron altar of Okawaru.
   241 | D        | Found a bloodstained altar of Trog.
   241 | D        | Found an ornate altar of the Wu Jian Council.
   241 | D        | Noticed a human
   241 | D        | Noticed a human
   259 | D        | Killed a white draconian scorcher
   275 | D        | Killed a human
   275 | D        | Reached skill level 12 in Stealth
   317 | D        | Killed a human
   317 | D        | Reached * piety under Dithmenos
   332 | D        | Killed a white draconian scorcher
   448 | D        | Found a radiant altar of Vehumet.
   449 | D        | Found a deep blue altar of Sif Muna.
   449 | D        | Found an ancient bone altar of Kikubaaqudgha.
   460 | D        | Noticed a chaos spawn
   522 | D        | Noticed a shadow
   524 | D        | Killed a shadow
   524 | D        | Reached ** piety under Dithmenos
   524 | D        | Reached XP level 8. HP: 45/45 MP: 18/20
   544 | D        | Reached skill level 13 in Stealth
   558 | D        | Reached *** piety under Dithmenos
   665 | D        | Noticed a two-headed ogre
   668 | D        | Killed a two-headed ogre
   673 | D        | Noticed a two-headed ogre
   673 | D        | Noticed Erolcha
   675 | D        | Killed Erolcha
   675 | D        | Reached skill level 14 in Stealth
   675 | D        | Reached XP level 9. HP: 51/51 MP: 21/23
   676 | D        | Killed a two-headed ogre
   692 | D        | Reached **** piety under Dithmenos
   692 | D        | Reached skill level 10 in Spellcasting
   692 | D        | Reached skill level 10 in Hexes
   701 | D        | Noticed Dowan
   702 | D        | Noticed Duvessa
   705 | D        | Killed Dowan
   705 | D        | Reached skill level 15 in Short Blades
   705 | D        | Reached skill level 15 in Stealth
   705 | D        | Reached XP level 10. HP: 57/57 MP: 24/26
   730 | D        | Killed Duvessa
   759 | D        | Reached ***** piety under Dithmenos
   759 | D        | Reached skill level 16 in Stealth
  1032 | D        | Noticed a yaktaur captain
  1032 | D        | Noticed a yaktaur captain
  1033 | D        | Killed a yaktaur captain
  1036 | D        | Killed a yaktaur captain
  1182 | D        | Noticed an orange crystal statue
  1193 | D        | Noticed a crystal guardian
  1193 | D        | Noticed a crystal guardian
  1193 | D        | Noticed a crystal guardian
  1193 | D        | Noticed a crystal guardian
  1194 | D        | Killed a crystal guardian
  1425 | D        | Reached skill level 17 in Stealth
  1485 | D        | Reached XP level 11. HP: 62/62 MP: 24/28
  1555 | D        | Reached ****** piety under Dithmenos
  1591 | D        | Killed a seven-headed hydra
  1645 | D        | Killed a seven-headed hydra
  1795 | D        | Noticed a lindwurm
  1798 | D        | Killed a lindwurm
  1798 | D        | Reached skill level 10 in Fighting
  1828 | D        | Noticed Urug
  1830 | D        | Killed Urug
  1910 | D        | Killed a skeletal warrior
  1932 | D        | Noticed a death drake
  1935 | D        | Killed a death drake
  1935 | D        | Reached skill level 18 in Stealth
  1937 | D        | Noticed Polyphemus
  1940 | D        | Hit by a large rock thrown by Polyphemus

Skill      XL: |  1  2  3  4  5  6  7  8  9 10 11 |
---------------+----------------------------------+-----
Fighting       | 1 2 3 4 5 6 7 8 9 10 | 10.3
Short Blades   | 3 4 6 8 9 11 12 13 15 16 17 | 17.7
Stealth        | 5 6 7 9 10 11 12 14 15 17 18 | 18.1
Spellcasting   | 4 6 7 9 11 12 13 | 13.3
Hexes          | 4 6 7 9 11 12 13 | 13.5
Dodging        | |  3.0

Action                   |  1- 3 |  4- 6 |  7- 9 | 10-12 || total
-------------------------+-------+-------+-------+-------++-------
Melee: Dagger            |     7 |     6 |    29 |    57 ||    99
 Cast: Ensorcelled Hiber |       |     4 |     9 |     9 ||    22
       Dazzling Spray    |       |       |     5 |    10 ||    15
       Confuse           |       |       |     3 |    15 ||    18
Invok: Shadow Step       |       |       |       |     1 ||     1
Evoke: Wand              |       |       |       |     2 ||     2
  Use: Potion            |       |     6 |       |     1 ||     7
 Stab: Sleeping          |     4 |     5 |    14 |    13 ||    36
       Held in net/web   |       |       |       |     5 ||     5
       Invisible         |       |       |       |     3 ||     3
Dodge: Dodged            |     2 |     3 |    16 |    12 ||    33
